 Dungeon Crawl Stone Soup version 0.26-a0-597-gb535b0901c (webtiles) character file.

Game seed: 18011320130019797957

38 kobby the Shield-Bearer (level 3, -2/35 HPs)
             Began as a Gnoll Fighter on Aug 30, 2020.
             Killed by nerve-wracking pain
             ... invoked by Jessica
              (12 damage)
             ... on level 2 of the Dungeon.
             The game lasted 00:01:17 (650 turns).

kobby the Shield-Bearer (Gnoll Fighter)              Turns: 650, Time: 00:01:18

Health: -2/35      AC: 10    Str: 19    XL:     3   Next: 43%
Magic:  4/4        EV:  8    Int: 10    God:
Gold:   44         SH: 10    Dex: 14    Spells: 3/3 levels left

rFire    . . .     SeeInvis .   a - +0 war axe
rCold    . . .     Faith    .   c - +0 kite shield
rNeg     . . .     Spirit   .   b - +0 scale mail
rPois    .         Reflect  .   f - +1 helmet
rElec    .         Harm     .   (no cloak)
rCorr    .                      (no gloves)
MR       .....                  (no boots)
Stlth    ..........             (no amulet)
HPRegen  0.11/turn              (no ring)
MPRegen  0.09/turn              (no ring)

@: lethally poisoned (-2 -> -4)
A: distributed training, fangs 1, strong nose
a: no special abilities


You were on level 2 of the Dungeon.
You visited 1 branch of the dungeon, and saw 2 of its levels.

You collected 44 gold pieces.

Inventory:

Hand Weapons
 a - a +0 war axe (weapon)
Armour
 b - a +0 scale mail (worn)
 c - a +0 kite shield (worn)
 f - a +1 helmet (worn)
Scrolls
 e - a scroll of magic mapping {unknown}
Potions
 d - a potion of might
 g - 2 potions of lignification {unknown}
 h - a potion of resistance {unknown}


   Skills:
 + Level 6.5 Fighting
 + Level 0.8 Short Blades
 + Level 0.8 Long Blades
 + Level 4.5 Axes
 + Level 0.8 Maces & Flails
 + Level 0.8 Polearms
 + Level 0.8 Staves
 + Level 0.8 Slings
 + Level 0.8 Bows
 + Level 0.8 Crossbows
 + Level 0.8 Throwing
 + Level 6.5 Armour
 + Level 0.8 Dodging
 + Level 0.8 Stealth
 + Level 6.5 Shields
 + Level 0.8 Unarmed Combat
 + Level 0.8 Spellcasting
 + Level 0.5 Conjurations
 + Level 0.5 Hexes
 + Level 0.5 Summonings
 + Level 0.5 Necromancy
 + Level 0.5 Translocations
 + Level 0.5 Transmutations
 + Level 0.5 Fire Magic
 + Level 0.5 Ice Magic
 + Level 0.5 Air Magic
 + Level 0.5 Earth Magic
 + Level 0.5 Poison Magic
 + Level 1.0 Invocations
 + Level 0.8 Evocations


You had 3 spell levels left.
You didn't know any spells.
Your spell library was empty.

Dungeon Overview and Level Annotations

Branches:
Dungeon (2/15)

Altars:

Annotations:
D:2 Jessica


Innate Abilities, Weirdness & Mutations

Your experience applies equally to all skills.
You have very sharp teeth.
Your uncanny sense of smell can sniff out nearby items.


Message History

Found 4 gold pieces.
A frilled lizard comes into view.
The frilled lizard barely misses you.
The frilled lizard moves out of view.
Found an escape hatch in the ceiling.
You closely miss the frilled lizard. You bite the frilled lizard.
You kill the frilled lizard!
Jessica hits you but does no damage.
You are poisoned.
You see here a frilled lizard corpse.
You feel sick.
Jessica points at you and mumbles some strange words.
Pain shoots through your body!
You feel sick. Jessica casts a spell at you. Pain shoots through your body!
You see here 14 stones.
You feel sick.
Jessica points at you and mumbles some strange words.
Pain shoots through your body!
You die...

#.......'...#.#
#.......#.#.#.####
######
#.......#........#
#...<.
#########.....####
+#..... ∆
.....#.....# .......
#.#......## .$....##
#.##....##
#....#####.##..#.##
∆∆
+...l@.@(....>....#
#...†#####........##
#....# ####.#†...#
#..... ...#..#.#
#...... ...#.##.#..(
#...........#..
.....# #####......
#.. ..# .# ######
####... .# ....


You could see Jessica and a frilled lizard.

Vanquished Creatures
  A dart slug (D:1)
  A leopard gecko (D:1)
  5 giant cockroaches (D:1)
  6 goblins (D:1)
  3 hobgoblins (D:1)
  4 jackals (D:1)
  3 kobolds (D:1)
  3 frilled lizards
  4 rats
30 creatures vanquished.

Notes
Turn   | Place    | Note
-------+----------+-------------------------------------------
     0 | D:1      | kobby the Gnoll Fighter began the quest for the Orb.
     0 | D:1      | Reached XP level 1. HP: 23/23 MP: 1/1
    73 | D:1      | Reached XP level 2. HP: 23/29 MP: 2/2
   273 | D:1      | Reached XP level 3. HP: 35/35 MP: 3/3
   631 | D:2      | Reached skill level 1 in Invocations
   642 | D:2      | Noticed Jessica
   650 | D:2      | Killed from afar by Jessica

Illustrated notes

Levels and vault maps discovered:
D:1:      tarquinn_simple_flora_water_e, layout_rooms, minmay_misc_feat_pillars
D:2:      layout_basic, dk_xom_monty_hall, uniq_crazy_yiuf_cottage,
          uniq_jessica, uniq_robin

Skill      XL: |  1  2  3 |
---------------+----------+-----
Invocations    | 1 |  1.0
Fighting       | |  6.5
Short Blades   | |  0.8
Long Blades    | |  0.8
Axes           | |  4.5
Maces & Flails | |  0.8
Polearms       | |  0.8
Staves         | |  0.8
Slings         | |  0.8
Bows           | |  0.8
Crossbows      | |  0.8
Throwing       | |  0.8
Armour         | |  6.5
Dodging        | |  0.8
Stealth        | |  0.8
Shields        | |  6.5
Unarmed Combat | |  0.8
Spellcasting   | |  0.8
Conjurations   | |  0.5
Hexes          | |  0.5
Summonings     | |  0.5
Necromancy     | |  0.5
Translocations | |  0.5
Transmutations | |  0.5
Fire Magic     | |  0.5
Ice Magic      | |  0.5
Air Magic      | |  0.5
Earth Magic    | |  0.5
Poison Magic   | |  0.5
Evocations     | |  0.8

Action                   || total
-------------------------++-------
Melee: War axe           ||    70
       Bite              ||     9
Armor: Scale mail        ||    29
Dodge: Dodged            ||    22
Block: Kite shield       ||    44

Table legend: (Time is in decaauts)
 A = Elapsed time spent in this place.
 B = Non-inter-level travel time spent in this place.
 C = Inter-level travel time spent in this place.
 D = Time resting spent in this place.
 E = Time spent auto-exploring this place.
 F = Levels seen in this place.
 G = Mean time per level.
                   A        B        C        D        E       F      G
               +--------+--------+--------+--------+--------+-----+--------+
         Total |    673 |    673 |      0 |      0 |    473 |   2 |  336.5 |
       Dungeon |    673 |    673 |      0 |      0 |    473 |   2 |  336.5 |
               +--------+--------+--------+--------+--------+-----+--------+

Top non-repeatable levels by time:
     D:1: 622 daAuts
     D:2: 51 daAuts
